AoeStats
← CHAOS2247

MegaRandom

510874803Analyzed
3v3 RM · 24h ago on Oct 2, 2026· 31m 35s· 6 players
Game mode
Random Map
Map size
Normal (6 player)
Population
200
Speed
Normal
Resources
Standard
Victory
Conquest
Starting age
Dark Age
Ending age
Imperial Age
RankedLock teamsTeams togetherTeam positionsShared explorationLock speedFull tech treeHidden civsTurbo modeCheats
Victory
Defeat
🇺🇸 Celts · United States
808
+18
🇺🇸 Danes · United States
791
+18
🇬🇧 Mongols · United Kingdom
743
+20
🇪🇸 Burgundians · Spain
869
-20
🇹🇷 Goths · Türkiye
855
-19
🇹🇷 Aztecs · Türkiye
795
-17
alp1910
1:15 Loom
10:18 Feudal Age
13:00 Double-Bit Axe
19:33 Castle Age
17:30 Stone Mining
17:39 Gold Mining
18:38 Horse Collar
25:35 Bow Saw
25:28 Heavy Plow
26:55 Wheelbarrow
29:46 Imperial Age
27:47 Pikeman
28:32 Scale Mail Armor
29:19 Forging
31:43 Hand Cart
paujou92
5:49 Double-Bit Axe
9:18 Loom
10:49 Wheelbarrow
10:45 Stone Mining
10:46 Gold Mining
10:53 Horse Collar
13:27 Feudal Age
15:18 Gold Shaft Mining
18:55 Castle Age
18:31 Scale Barding Armor
18:36 Forging
23:14 Chain Barding Armor
25:12 Fletching
26:14 Burgundian Vineyards
beetlejuice
9:50 Feudal Age
11:38 Double-Bit Axe
12:46 Horse Collar
14:11 Gold Mining
21:58 Castle Age
20:35 Fishing Lines
20:56 Fletching
22:55 Loom
23:16 Heavy Plow
23:12 Stone Mining
26:27 Bow Saw
27:22 Stone Shaft Mining
29:04 Padded Archer Armor
30:21 Gold Shaft Mining
CHAOS2247
6:41 Loom
11:18 Feudal Age
12:12 Horse Collar
12:21 Double-Bit Axe
12:37 Stone Mining
16:27 Gold Mining
16:33 Gold Mining
18:44 Forging
18:41 Scale Barding Armor
20:44 Castle Age
22:16 Wheelbarrow
22:00 Bow Saw
22:25 Heavy Plow
Walkdog38
0:29 Loom
13:58 Feudal Age
14:30 Double-Bit Axe
14:27 Horse Collar
14:55 Fishing Lines
18:03 Town Watch
19:00 Gold Mining
19:00 Stone Mining
21:16 Castle Age
22:59 Gillnets
23:23 Bow Saw
23:55 Wheelbarrow
25:04 Heavy Plow
25:51 Hand Cart
Juggsgotcha2711
3:24 Loom
13:36 Feudal Age
14:55 Wheelbarrow
14:53 Double-Bit Axe
20:24 Castle Age
18:13 Town Watch
20:08 Forging
20:03 Scale Barding Armor
20:22 Bloodlines
21:29 Hand Cart
23:39 Horse Collar
28:54 Fishing Lines
30:24 Iron Casting
29:50 Scale Mail Armor
29:58 Squires
29:44 Arson
30:40 Hamask
Connection lost

Rejoining the realm…

Still unreachable

The connection could not be restored.

Session expired

The server has moved on; the page needs a fresh start.